AoeStats
← 钓鱼佬

Hill Fort

506105572Analyzed
4v4 RM · 20d ago on Sep 12, 2026· 60m 52s· 8 players
Game mode
Random Map
Map size
Large (8 player)
Population
200
Speed
Normal
Resources
Standard
Victory
Conquest
Starting age
Dark Age
Ending age
Imperial Age
RankedLock teamsTeams togetherTeam positionsShared explorationLock speedFull tech treeHidden civsTurbo modeCheats
Victory
Defeat
🇨🇳 Cumans · China
1825
+7
🇨🇳 Berbers · China
1611
+15
🇨🇳 Jurchens · China
1543
+18
🇨🇳 Magyars · China
1511
+19
🇩🇿 Wu · Algeria
1714
-19
🇬🇧 Persians · United Kingdom
1607
-15
🇹🇷 Magyars · Türkiye
1549
-13
🇨🇳 Maya · China
1523
-12
DZT_白霜魔头
9:08 Feudal Age
9:56 Double-Bit Axe
10:50 Horse Collar
16:06 Loom
16:57 Wheelbarrow
16:12 Town Watch
16:19 Town Watch
18:14 Stone Mining
20:34 Castle Age
18:55 Gold Mining
21:53 Fletching
26:03 Imperial Age
24:35 Bodkin Arrow
24:40 Padded Archer Armor
25:40 Bow Saw
26:54 Cuman Mercenaries
27:31 Conscription
28:12 Ballistics
29:52 Chemistry
29:51 Leather Archer Armor
30:36 Bloodlines
31:19 Hand Cart
33:05 Thumb Ring
36:07 Parthian Tactics
39:28 Masonry
42:55 Elite Kipchak
46:55 Two-Man Saw
46:01 Heavy Plow
47:36 Gold Shaft Mining
50:55 Caravan
51:07 Guilds
51:17 Guilds
51:38 Coinage
52:06 Hoardings
51:29 Murder Holes
52:29 Caravan
54:23 Banking
57:35 Town Patrol
口古口古嘎嘎
11:12 Feudal Age
12:06 Double-Bit Axe
15:47 Castle Age
13:59 Horse Collar
17:20 Bow Saw
17:28 Heavy Plow
19:49 Scale Barding Armor
24:24 Chain Barding Armor
26:36 Gold Mining
26:37 Stone Mining
27:55 Loom
28:46 Wheelbarrow
27:56 Town Watch
35:38 Imperial Age
34:22 Hand Cart
35:03 Corvinian Army
36:21 Capped Ram
38:05 Plate Barding Armor
39:28 Gold Shaft Mining
38:25 Elite Magyar Huszar
43:12 Conscription
44:02 Hoardings
43:21 Fletching
43:32 Padded Archer Armor
44:37 Coinage
45:27 Treadmill Crane
46:08 Ballistics
45:49 Bodkin Arrow
46:10 Leather Archer Armor
46:36 Recurve Bow
47:40 Parthian Tactics
47:35 Caravan
47:47 Bracer
47:56 Thumb Ring
48:33 Heavy Cavalry Archer
52:37 Two-Man Saw
52:12 Banking
53:12 Elite Genitour
56:11 Chemistry
57:50 Husbandry
58:01 Bloodlines
58:07 Onager
lemon tea
10:57 Feudal Age
14:45 Castle Age
13:40 Double-Bit Axe
13:59 Horse Collar
16:24 Fletching
18:21 Loom
18:56 Bodkin Arrow
20:08 Padded Archer Armor
20:45 Town Watch
23:34 Wheelbarrow
24:08 Leather Archer Armor
23:58 Gold Mining
24:25 Bow Saw
27:10 Heavy Plow
31:03 Stone Mining
32:35 Hand Cart
32:53 Bloodlines
33:06 Husbandry
37:11 Imperial Age
35:44 Stone Shaft Mining
35:47 Gold Shaft Mining
36:35 Ballistics
37:50 Scale Barding Armor
37:46 Caravan
37:37 Elite Camel Archer
38:38 Conscription
38:42 Kasbah
39:07 Bracer
39:38 Ring Archer Armor
40:13 Chemistry
39:38 Maghrebi Camels
39:30 Heavy Camel Rider
40:32 Chain Barding Armor
40:23 Forging
40:51 Masonry
42:37 Plate Barding Armor
42:45 Fortified Wall
42:41 Siege Engineers
42:57 Guilds
43:17 Coinage
44:08 Iron Casting
45:18 Banking
45:50 Hoardings
46:33 Blast Furnace
44:56 Light Cavalry
45:47 Hussar
49:02 Cavalier
55:25 Arrowslits
55:31 Guard Tower
55:23 Treadmill Crane
60:07 Onager
钓鱼佬
9:45 Feudal Age
10:29 Double-Bit Axe
11:32 Loom
16:38 Forging
17:33 Bloodlines
20:22 Wheelbarrow
20:50 Town Watch
24:04 Castle Age
26:37 Bow Saw
26:23 Horse Collar
26:53 Light Cavalry
27:34 Husbandry
27:47 Scale Barding Armor
28:20 Iron Casting
29:24 Chain Barding Armor
33:16 Gold Mining
33:47 Hand Cart
35:14 Heavy Plow
35:51 Gold Shaft Mining
35:07 Stone Mining
37:14 Town Patrol
40:13 Imperial Age
40:26 Elite Steppe Lancer
41:46 Plate Barding Armor
42:50 Blast Furnace
49:54 Caravan
55:58 Guilds
57:53 Hussar
61:27 Coinage
Ash
10:23 Feudal Age
14:19 Castle Age
13:59 Horse Collar
14:07 Double-Bit Axe
14:06 Horse Collar
14:34 Loom
21:53 Fletching
25:04 Bloodlines
26:07 Wheelbarrow
25:58 Bow Saw
26:06 Heavy Plow
27:48 Scale Barding Armor
27:46 Husbandry
29:05 Chain Barding Armor
28:56 Forging
29:29 Hand Cart
32:58 Imperial Age
31:14 Iron Casting
34:50 Imperial Age
33:00 Gold Mining
33:01 Stone Mining
35:42 Plate Barding Armor
36:09 Blast Furnace
34:30 Cavalier
36:01 Town Watch
35:59 Savar
39:01 Bodkin Arrow
39:32 Ballistics
40:13 Chemistry
42:03 Gold Shaft Mining
41:35 Caravan
43:51 Conscription
45:23 Chemistry
45:05 Citadels
45:08 Masonry
51:03 Block Printing
枕上鸳鸯睡红莲
0:29 Loom
11:40 Feudal Age
15:50 Castle Age
14:51 Double-Bit Axe
14:48 Horse Collar
15:16 Gold Mining
16:58 Bow Saw
16:51 Town Watch
18:24 Fletching
20:07 Bodkin Arrow
21:18 Padded Archer Armor
22:30 Stone Mining
23:10 Leather Archer Armor
25:49 Ballistics
27:22 Stone Mining
30:57 Wheelbarrow
34:08 Imperial Age
34:56 Bracer
35:57 Chemistry
35:38 Hand Cart
36:07 Conscription
37:55 Masonry
40:57 Ring Archer Armor
40:27 Pikeman
41:07 Squires
41:09 Scale Mail Armor
41:19 Forging
41:32 Halberdier
42:57 Caravan
43:58 Chain Mail Armor
43:55 Elite Skirmisher
45:53 Thumb Ring
46:48 Plate Mail Armor
48:28 Iron Casting
58:09 Man-at-Arms
58:14 Eagle Warrior
59:50 Holcans
60:15 Elite Eagle Warrior
hl.exe
6:33 Loom
8:48 Feudal Age
9:31 Double-Bit Axe
25:47 Wheelbarrow
24:58 Town Watch
29:53 Castle Age
28:05 Fletching
28:10 Gold Mining
28:13 Stone Mining
28:56 Fishing Lines
34:52 Imperial Age
33:07 Bow Saw
33:25 Bodkin Arrow
35:50 Ballistics
35:41 Masonry
36:38 Padded Archer Armor
37:43 Chemistry
37:00 Hand Cart
36:40 Gillnets
37:48 Bracer
38:59 Leather Archer Armor
39:28 Architecture
39:10 Scale Mail Armor
39:20 Forging
41:19 Chain Mail Armor
41:13 Squires
42:23 Iron Casting
42:48 Plate Mail Armor
43:55 Pikeman
45:58 Blast Furnace
46:14 Two-Man Saw
44:47 Halberdier
54:51 Treadmill Crane
55:20 Elite Skirmisher
vela
7:43 Loom
9:46 Feudal Age
14:07 Wheelbarrow
14:33 Loom
17:40 Castle Age
15:37 Double-Bit Axe
15:48 Horse Collar
18:45 Bow Saw
18:47 Gold Mining
26:42 Hand Cart
28:59 Fletching
35:19 Town Watch
36:15 Heavy Plow
40:06 Imperial Age
38:25 Gold Shaft Mining
37:41 Stone Mining
38:13 Corvinian Army
38:19 Caravan
39:07 Padded Archer Armor
39:14 Scale Barding Armor
39:32 Bodkin Arrow
40:21 Leather Archer Armor
40:30 Thumb Ring
41:15 Chain Barding Armor
40:45 Heated Shot
41:18 Ballistics
41:36 Parthian Tactics
41:41 Recurve Bow
42:35 Bracer
43:06 Ring Archer Armor
43:43 Chemistry
42:38 Heavy Cavalry Archer
43:39 Bloodlines
43:30 Husbandry
43:42 Town Patrol
45:05 Conscription
44:21 Light Cavalry
45:14 Elite Skirmisher
47:25 Two-Man Saw
47:25 Plate Barding Armor
47:19 Masonry
46:50 Treadmill Crane
47:28 Guard Tower
47:01 Hussar
52:54 Capped Ram
Connection lost

Rejoining the realm…

Still unreachable

The connection could not be restored.

Session expired

The server has moved on; the page needs a fresh start.